 Dungeon Crawl Stone Soup version 0.17.0-24-gcfadda4 (webtiles) character file.

522 Raultor the Changer (level 7, -2/43 HPs)
             Began as an Octopode Transmuter on Nov 17, 2015.
             Slain by an ice beast (6 damage)
             ... on level 5 of the Dungeon.
             The game lasted 00:13:31 (6261 turns).

Raultor the Changer (Octopode Transmuter)           Turns: 6261, Time: 00:13:31

Health: -2/43      AC:  1    Str: 10    XL:     7   Next: 22%
Magic:  10/10      EV: 12    Int: 15    God:
Gold:   286        SH:  0    Dex: 14    Spells: 2 memorised, 6 levels left

rFire  x . .     SeeInvis .       - Unarmed
rCold  + . .     Clarity  .     (no shield)
rNeg   . . .     SustAt   +     (helmet restricted)
rPois  .         Gourm    .     (no amulet)
rElec  .         Spirit   .     k - ring of ice
rCorr  .         Warding  .     x - ring of sustain attributes
rMut   .         Stasis   .     (no ring)
MR     .....                    (no ring)
Stlth  ++........               (no ring)
                                (no ring)
                                (no ring)
                                (no ring)

@: not resistant to hostile enchantments, unstealthy
A: almost no armour, amphibious, 8 rings, constrict 8, camouflage 1, gelatinous
body 1
a: no special abilities


You were on level 5 of the Dungeon.
You were hungry.

You visited 1 branch of the dungeon, and saw 5 of its levels.

You collected 286 gold pieces.

Inventory:

Missiles
 a - 30 arrows
 s - 20 arrows of frost
Jewellery
 k - a ring of ice (left tentacle)
 x - a ring of sustain attributes (right tentacle)
Wands
 u - a wand of random effects (28)
Scrolls
 d - 2 scrolls of remove curse
 e - 2 scrolls of blinking {unknown}
 f - 3 scrolls of amnesia {unknown}
 g - 4 scrolls of identify {unknown}
 h - a scroll of enchant armour {unknown}
 i - 2 scrolls of random uselessness {unknown}
 j - a scroll of enchant weapon {unknown}
 l - 3 scrolls of magic mapping {unknown}
 m - a scroll of fog {unknown}
 n - 3 scrolls of recharging {unknown}
 p - a scroll of teleportation {unknown}
 w - 2 scrolls of noise {unknown}
 y - a scroll of fear {unknown}
Potions
 o - a potion of magic {unknown}
 q - 2 potions of brilliance {unknown}
 r - a potion of poison {unknown}
 v - a potion of lignification {unknown}
Books
 b - a book of Changes

   Spells                             Type                      Level
   a - Beastly Appendage              Transmutation                1
   b - Sticks to Snakes               Transmutation                2
   c - Spider Form                    Transmutation/Poison         3
   d - Ice Form                       Ice/Transmutation            4
   e - Blade Hands                    Transmutation                5
 t - a book of Clouds

   Spells                             Type                      Level
   a - Mephitic Cloud                 Conjuration/Poison/Air       3
   b - Conjure Flame                  Conjuration/Fire             3
   c - Poisonous Cloud                Conjuration/Poison/Air       6
   d - Freezing Cloud                 Conjuration/Ice/Air          6
   e - Ring of Flames                 Charms/Fire                  7
Comestibles
 c - 3 bread rations


   Skills:
 - Level 1.0 Fighting
 - Level 2.0 Dodging
 - Level 3.0 Unarmed Combat
 - Level 2.0 Spellcasting
 + Level 7.7 Transmutations


You had 6 spell levels left.
You knew the following spells:

 Your Spells              Type           Power        Failure   Level  Hunger
a - Beastly Appendage     Trmt           ###...       1%          1    #......
b - Spider Form           Trmt/Pois      ##........   17%         3    ###....


Dungeon Overview and Level Annotations

Branches:
Dungeon (5/15)
 Temple: D:4-7

Altars:
Ashenzari
Kikubaaqudgha
Okawaru
Zin
The Shining One

Annotations:
D:2 exclusion: gnoll
D:5 NekoKawashu's ghost, novice HaHu


Innate Abilities, Weirdness & Mutations

You cannot wear most types of armour.
You are amphibious.
You can wear up to eight rings at the same time.
You can use your tentacles to constrict eight enemies at once.
Your skin changes colour to match your surroundings (Stealth).
Your rubbery body absorbs attacks (AC +1).


Message History

You tentacle-slap the ice beast.
The ice beast is heavily wounded.
The ice beast hits you but does no damage.
You tentacle-slap the ice beast but do no damage.
You squeeze the ice beast.
The ice beast is heavily wounded.
The ice beast barely misses you.
You closely miss the ice beast. You squeeze the ice beast!
The ice beast is severely wounded.
The ice beast hits you. The ice beast freezes you. You resist.
You tentacle-slap the ice beast but do no damage.
The ice beast is severely wounded.
The ice beast hits you. The ice beast freezes you. You resist.
* * * LOW HITPOINT WARNING * * *
You closely miss the ice beast.
The ice beast is severely wounded.
The ice beast hits you.
* * * LOW HITPOINT WARNING * * *
The ice beast freezes you. You resist.
You die...

...... ......
#...... .#
....... ...
....... #...
....... #...
##Y......
##(...##@.......
.%.....<........
....(.###.......
..... ###.###
##.. # #. #


You could see an ice beast.

Vanquished Creatures
  The ghost of Raultor the Insei, an amateur OpTm of Makhleb (D:3)
  2 hounds
  An orc wizard (D:4)
  2 worker ants (D:4)
  9 adders
  7 gnolls
  An ooze (D:1)
  3 worms
  13 orcs
  A ball python (D:2)
  10 bats
  A giant cockroach (D:3)
  8 goblins
  10 hobgoblins
  7 jackals
  4 giant geckos
  6 giant newts
  8 kobolds
  7 rats
101 creatures vanquished.

Notes
Turn   | Place    | Note
--------------------------------------------------------------
     0 | D:1      | Raultor the Octopode Transmuter began the quest for the Orb.
     0 | D:1      | Reached XP level 1. HP: 13/13 MP: 3/3
   218 | D:1      | Reached XP level 2. HP: 18/18 MP: 5/5
   708 | D:2      | Reached XP level 3. HP: 15/23 MP: 6/6
  1055 | D:2      | Reached skill level 4 in Transmutations
  1055 | D:2      | Reached XP level 4. HP: 9/28 MP: 7/7
  1381 | D:2      | Found a glowing golden altar of the Shining One.
  1848 | D:2      | Learned a level 3 spell: Spider Form
  1863 | D:2      | Found a faded altar to an unknown god.
  2124 | D:1      | HP: 1/28 [gnoll/flail (4)]
  2437 | D:1      | Reached skill level 5 in Transmutations
  2437 | D:1      | Reached XP level 5. HP: 7/33 MP: 8/8
  2849 | D:3      | Noticed Raultor's ghost (amateur OpTm)
  2889 | D:3      | Killed Raultor's ghost
  2889 | D:3      | Reached skill level 6 in Transmutations
  2889 | D:3      | Reached XP level 6. HP: 8/38 MP: 9/9
  3472 | D:3      | Found an iron altar of Okawaru.
  3539 | D:3      | Found a shattered altar of Ashenzari.
  4572 | D:4      | Found a glowing silver altar of Zin.
  4884 | D:4      | Found an ancient bone altar of Kikubaaqudgha.
  5029 | D:4      | Reached skill level 7 in Transmutations
  5565 | D:4      | Reached XP level 7. HP: 28/43 MP: 7/10
  5935 | D:5      | Entered Level 5 of the Dungeon
  6095 | D:5      | Noticed NekoKawashu's ghost (novice HaHu)
  6261 | D:5      | Slain by an ice beast

Action                   |  1- 3 |  4- 6 |  7- 9 || total
-------------------------+-------+-------+-------++-------
Melee: Unarmed           |    61 |   214 |    31 ||   306
 Cast: Beastly Appendage |       |     5 |       ||     5
       Spider Form       |       |     6 |     3 ||     9
  Use: Scroll            |     1 |       |       ||     1
 Stab: Sleeping          |     5 |     4 |     2 ||    11
       Distracted        |     1 |     1 |       ||     2
  Eat: Chunk             |       |    16 |     2 ||    18
